 Dungeon Crawl Stone Soup version 0.30-a0-949-g53dc5368d7 (webtiles) character file.

Game seed: 7573753701650737360

5868 Jackthecabe the Prestidigitator (level 10, -18/71 HPs)
             Began as an Octopode Conjurer on Mar 27, 2023.
             Was a Follower of Vehumet.
             Demolished by a two-headed ogre
             ... wielding a +0 giant club
              (22 damage)
             ... on level 10 of the Dungeon.
             The game lasted 00:25:31 (11764 turns).

Jackthecabe the Prestidigitator (OpCj)             Turns: 11764, Time: 00:25:32

Health: -18/71     AC:  5    Str: 13    XL:     10   Next: 81%
Magic:  12/14      EV: 13    Int: 25    God:    Vehumet [*.....]
Gold:   536        SH:  0    Dex: 10    Spells: 8/15 levels left

rFire   . . .      SeeInvis .    j - +2 whip (venom)
rCold   + . .      Faith    .    (no shield)
rNeg    . . .      Spirit   .    (helmet restricted)
rPois   .          Reflect  .    y - amulet of the acrobat
rElec   .          Rampage  .    T - +4 ring of protection
rCorr   +                        R - ring of resist corrosion
Will    .....                    C - ring of protection from cold
Stlth   +++                      S - +6 ring of strength
HPRegen 0.31/turn                (no ring)
MPRegen 0.14/turn                (no ring)
                                 (no ring)
                                 (no ring)

@: studying Evocations
A: almost no armour, amphibious, 8 rings, camouflage 1, gelatinous body 1,
(nimble swimmer 1), tentacles
a: Renounce Religion


You were on level 10 of the Dungeon.
You worshipped Vehumet.
Vehumet was aware of your devotion.
You visited 2 branches of the dungeon, and saw 11 of its levels.

You collected 536 gold pieces.


Innate Abilities, Weirdness & Mutations

You cannot wear most types of armour.
You are amphibious.
You can wear up to eight rings at the same time.
Your skin changes colour to match your surroundings (Stealth+).
Your rubbery body absorbs attacks. (AC +1, EV +1)
((You are camouflaged when in or above water. (Stealth+)))
You have tentacles for arms and can constrict up to eight enemies at once.


   Skills:
 + Level 7.3 Fighting
 - Level 4.0 Dodging
 - Level 4.0 Stealth
 - Level 5.0 Shields
 - Level 3.0 Spellcasting
 - Level 6.0 Conjurations
 - Level 6.0 Translocations
 + Level 14.4 Evocations


You had 8 spell levels left.
You knew the following spells:

 Your Spells              Type           Power      Damage    Failure   Level
m - Magic Dart            Conj           100%       1d8       1%          1
s - Searing Ray           Conj           66%        2d6       1%          2
X - Iskenderun's Mystic   Conj/Tloc      33%        2d8       9%          4

Your spell library contained the following spells:

 Spells                   Type           Power      Damage    Failure   Level
 Kiss of Death            Conj/Necr      72%        2d10      3%          1
 Lesser Beckoning         Tloc           66%        N/A       1%          2
 Gell's Gravitas          Tloc           33%        N/A       2%          3
 Teleport Other           Tloc           33%        N/A       2%          3
 Shock                    Conj/Air       72%        1d7       3%          1
 Dazzling Flash           Conj/Hex       36%        N/A       9%          3
 Portal Projectile        Hex/Tloc       36%        N/A       9%          3
 Beastly Appendage        Tmut           6%         N/A       10%         1
 Ensorcelled Hibernation  Hex/Ice        6%         N/A       16%         2
 Passwall                 Tmut/Erth      2%         N/A       16%         2
 Wereblood                Tmut           3%         N/A       16%         2
 Fulminant Prism          Conj/Hex       9%         3d7       28%         4
 Call Canine Familiar     Summ           3%         N/A       30%         3
 Spider Form              Tmut/Pois      3%         N/A       30%         3
 Swiftness                Air            3%         N/A       30%         3
 Leda's Liquefaction      Hex/Erth       1%         N/A       69%         4

Inventory:

Hand Weapons
 j - a +2 whip of venom (weapon)
Missiles
 i - a throwing net {=f}
Armour
 w - a +0 buckler
Jewellery
 y - an amulet of the acrobat (around mantle)
 C - a ring of protection from cold (on tentacle)
 R - a ring of resist corrosion (right tentacle)
 S - a +6 ring of strength (on tentacle)
 T - a +4 ring of protection (left tentacle)
Wands
 o - a wand of mindburst (14)
 u - a wand of paralysis (5)
 v - a wand of iceblast (3)
 x - a wand of flame (15)
 z - a wand of quicksilver (1)
Scrolls
 b - a scroll of amnesia
 d - 6 scrolls of teleportation {@r2}
 g - 2 scrolls of enchant weapon
 k - a scroll of vulnerability
 l - a scroll of poison
 n - a scroll of immolation
 r - 3 scrolls of enchant armour
 s - 2 scrolls of noise
 B - a scroll of magic mapping
Potions
 a - a potion of magic
 c - 3 potions of brilliance
 f - 2 potions of heal wounds {@q2}
 h - 2 potions of attraction
 m - a potion of berserk rage {unknown}
 p - a potion of curing {@q1}
 q - a potion of might
 t - a potion of mutation {unknown}
 A - a potion of degeneration
 D - a potion of invisibility {unknown}

Dungeon Overview and Level Annotations

Branches:
Dungeon (10/15)            Temple (1/1) D:5            Lair (0/5) D:8
    Orc: D:9-12

Altars:
Ashenzari
Cheibriados
Dithmenos
Elyvilon
Fedhas
Gozag
Hepliaklqana
Kikubaaqudgha
Makhleb
Nemelex Xobeh
Okawaru
Qazlal
Ru
Sif Muna
Trog
Uskayaw
Vehumet
Wu Jian
Xom
Yredelemnul
Zin
The Shining One

Shops:
D:3 *   D:4 *

Annotations:
D:2 Sigmund
D:3 1 runed translucent door, hgbash's ghost, amateur OpCj
D:8 Joseph

##### #.#.###################
.#######.....................#
...............#.#.###########
..#######.#.###.#.#.#
............#[#.#.#.#
..#######...........###
........†....@......#
............#O#.#.#.#
#.#..........o..#.#.#
.........#.#..o#.#.#
#.#.#.#...#.#.....#.# #
#.#.#...#.#.....#.# # #
#.#...#.#.......# .#
..............##.#
.................#


You could see a two-headed ogre, an orc priest and an orc.


Message History

The searing ray hits the orc warrior.
The orc warrior is severely wounded. (Press . to maintain the ray.)
The searing ray hits the orc warrior.
The orc warrior is severely wounded.
The orc warrior hits you with a +0 scimitar!
You hit the orc warrior but do no damage.
You grab the orc warrior.
The orc warrior is severely wounded.
You constrict the orc warrior, but do no damage.
The orc warrior hits you with a +0 scimitar.
You hit the orc warrior.
The orc warrior is poisoned.
The orc warrior is almost dead.
You constrict the orc warrior, but do no damage.
The orc warrior hits you with a +0 scimitar!
* * * LOW HITPOINT WARNING * * *
You release your grip on the orc warrior.
You kill the orc warrior!
Vehumet accepts your kill.
You feel your power returning.
The orc priest invokes the aid of Beogh against you.
Beogh smites you!
* * * LOW HITPOINT WARNING * * *
A two-headed ogre comes into view. It is wielding two +0 giant clubs.
The orc priest miscasts a cantrip.
There is a stone staircase leading up here.
The two-headed ogre hits you with a +0 giant club!!
* * * LOW HITPOINT WARNING * * *
The two-headed ogre hits you with a +0 giant club!!
You die...

Skill      XL: |  1  2  3  4  5  6  7  8  9 10 |
---------------+-------------------------------+-----
Conjurations   | 5 6 |  6.0
Stealth        | 3 4 |  4.0
Translocations | 1 2 4 6 |  6.0
Spellcasting   | 3 |  3.0
Dodging        | 3 4 |  4.0
Fighting       | 5 6 7 |  7.3
Evocations     | 6 11 14 | 14.4
Shields        | 4 5 |  5.0

Action                     |  1- 3 |  4- 6 |  7- 9 | 10-12 || total
---------------------------+-------+-------+-------+-------++-------
  Melee: Whip              |       |     7 |    44 |    17 ||    68
         Constrict         |       |     1 |     4 |     2 ||     7
         Tentacles         |       |       |     8 |     2 ||    10
   Cast: Magic Dart        |    43 |    68 |    91 |    32 ||   234
         Searing Ray       |     3 |     9 |    50 |    26 ||    88
         Iskenderun's Myst |       |       |     4 |     7 ||    11
  Evoke: Wand              |       |       |       |     1 ||     1
    Use: Scroll            |       |       |     9 |     6 ||    15
         Potion            |       |       |     4 |       ||     4
   Stab: Sleeping          |       |     1 |     2 |       ||     3
 Armour: Skin              |       |     2 |    30 |     4 ||    36
  Dodge: Dodged            |     2 |     5 |   116 |    54 ||   177

Levels and vault maps discovered:
D:1:      nzn_arrival_depleted_hourglass, layout_basic,
          amcnicky_mini_corridor_feature, minivault_4
D:2:      layout_rooms, grunt_decor_clamped, chequers_hall_statues_wall_a,
          st_stairs_14, uniq_crazy_yiuf_cottage, uniq_sigmund, uniq_terence
D:3:      layout_loops_ring, lemuel_doored_altar, mainiacjoe_overflow_24_doors,
          mainiacjoe_overflow_swirl, gammafunk_ghost_grave, serial_shops,
          nicolae_shop_overgrown_old_shop
D:4:      layout_basic, mainiacjoe_overflow_boulevard, serial_shops,
          nicolae_shop_waterfront, minmay_misc_feat_five, uniq_menkaure
D:5:      layout_basic, minmay_temple_entry_waves, due_unseen_surprise
D:6:      layout_loops_ring, xom_redecorated, led_sif_book,
          amethyst_overflow_temple_binary, minmay_liquid_box, st_stairs_1
D:7:      layout_basic, mainiacjoe_overflow_catwalk,
          nicolae_hepliaklqana_hazy_memory, mainiacjoe_overflow_six_doors_small
D:8:      layout_loops_ring, lemuel_crystal_altar, lair_entry_dummy, uniq_joseph
D:9:      layout_basic, minmay_hedge_maze, serial_bayou_pond_c
D:10:     layout_basic, uniq_gastronok
Temple:   nicolae_temple_ecumenical_triangle

Notes
Turn   | Place    | Note
-------+----------+-------------------------------------------
     0 | D:1      | Jackthecabe the Octopode Conjurer began the quest for the
                  | Orb.
     0 | D:1      | Reached XP level 1. HP: 11/11 MP: 3/3
   233 | D:1      | Reached XP level 2. HP: 17/17 MP: 0/5
   755 | D:1      | Learned a level 2 spell: Searing Ray
  1099 | D:1      | Reached skill level 5 in Conjurations
  1099 | D:1      | Reached XP level 3. HP: 21/21 MP: 0/6
  1293 | D:2      | Noticed Terence
  1324 | D:2      | Killed Terence
  1449 | D:2      | Reached XP level 4. HP: 27/27 MP: 3/7
  1609 | D:2      | Noticed Sigmund
  2365 | D:3      | Found Tojyfo's Assorted Antiques.
  2503 | D:3      | Reached skill level 6 in Conjurations
  2508 | D:3      | Learned a level 4 spell: Iskenderun's Mystic Blast
  2595 | D:3      | Found a sparkling altar of Nemelex Xobeh.
  2707 | D:3      | Found a white marble altar of Elyvilon.
  2839 | D:3      | Found a blossoming altar of Fedhas.
  2918 | D:3      | Found a runed translucent door.
  2920 | D:3      | Noticed hgbash's ghost (amateur OpCj)
  2994 | D:3      | Reached skill level 3 in Stealth
  3128 | D:3      | Found an ornate altar of the Wu Jian Council.
  3191 | D:4      | Reached skill level 1 in Translocations
  3191 | D:4      | Reached XP level 5. HP: 17/31 MP: 4/8
  3347 | D:4      | Found an iron altar of Okawaru.
  3499 | D:4      | Reached skill level 4 in Stealth
  3499 | D:4      | Reached skill level 2 in Translocations
  3727 | D:4      | Found Guiraips's Assorted Antiques.
  3828 | D:4      | Reached XP level 6. HP: 35/36 MP: 2/9
  3948 | D:4      | Reached skill level 3 in Translocations
  4311 | D:4      | Noticed Menkaure
  4367 | D:4      | Killed Menkaure
  4368 | D:4      | Reached skill level 4 in Translocations
  4368 | D:4      | Reached XP level 7. HP: 34/41 MP: 1/10
  4454 | D:4      | Reached skill level 5 in Translocations
  4786 | D:5      | Entered Level 5 of the Dungeon
  4912 | D:5      | Found a staircase to the Ecumenical Temple.
  4921 | Temple   | Entered the Ecumenical Temple
  4962 | Temple   | Became a worshipper of Vehumet
  5051 | D:5      | Reached skill level 6 in Translocations
  5639 | D:6      | Reached skill level 3 in Spellcasting
  5750 | D:6      | Reached skill level 3 in Dodging
  5750 | D:6      | Reached XP level 8. HP: 30/46 MP: 1/12
  5845 | D:6      | Reached skill level 4 in Dodging
  5845 | D:6      | Reached skill level 1 in Fighting
  5942 | D:6      | Reached skill level 2 in Fighting
  5988 | D:6      | Found a shimmering altar of Xom.
  6096 | D:6      | Found a sacrificial altar of Ru.
  6096 | D:6      | Found an ancient bone altar of Kikubaaqudgha.
  6127 | D:6      | Noticed a hornet
  6135 | D:6      | Reached skill level 3 in Fighting
  6135 | D:6      | Killed a hornet
  6136 | D:6      | Reached skill level 4 in Fighting
  6136 | D:6      | HP: 5/54 [poisoned by a hornet]
  6137 | D:6      | HP: 2/54 [poisoned by a hornet]
  6380 | D:6      | Reached skill level 1 in Evocations
  6458 | D:6      | Found a shimmering blue altar of Sif Muna.
  6469 | D:6      | Reached skill level 5 in Fighting
  6469 | D:6      | Reached skill level 2 in Evocations
  6566 | D:6      | Got Sif Muna's Omnibus of Fulmination
  6685 | D:6      | Reached skill level 4 in Evocations
  6824 | D:6      | Reached skill level 5 in Evocations
  6825 | D:6      | Reached skill level 6 in Evocations
  6825 | D:6      | Reached XP level 9. HP: 60/61 MP: 7/13
  6834 | D:6      | Reached skill level 7 in Evocations
  7105 | D:7      | Reached skill level 8 in Evocations
  7458 | D:7      | Found a broken altar of Ashenzari.
  7482 | D:7      | Found a hazy altar of Hepliaklqana.
  7498 | D:7      | Reached skill level 1 in Shields
  7617 | D:7      | Found a stormy altar of Qazlal.
  7765 | D:7      | HP: 3/61 [steam dragon (5)]
  7793 | D:8      | Reached * piety under Vehumet
  7793 | D:8      | Offered knowledge of Foxfire by Vehumet.
  7798 | D:8      | Reached skill level 9 in Evocations
  7941 | D:7      | Reached skill level 2 in Shields
  8935 | D:8      | Found a glowing golden altar of the Shining One.
  8945 | D:8      | Reached skill level 6 in Fighting
  8945 | D:8      | Reached skill level 3 in Shields
  8945 | D:8      | Reached skill level 10 in Evocations
  9332 | D:8      | Noticed Joseph
  9435 | D:8      | Found a staircase to the Lair.
  9634 | D:9      | Reached skill level 4 in Shields
  9751 | D:9      | Reached skill level 11 in Evocations
  9751 | D:9      | Reached XP level 10. HP: 22/68 MP: 3/14
 10199 | D:9      | Reached skill level 5 in Shields
 10334 | D:9      | Reached skill level 12 in Evocations
 10619 | D:9      | Reached skill level 13 in Evocations
 10744 | D:9      | Noticed a two-headed ogre
 11308 | D:9      | Noticed a two-headed ogre
 11332 | D:9      | Killed a two-headed ogre
 11332 | D:9      | Offered knowledge of Kiss of Death by Vehumet.
 11333 | D:9      | Reached skill level 7 in Fighting
 11333 | D:9      | Reached skill level 14 in Evocations
 11523 | D:10     | Entered Level 10 of the Dungeon
 11744 | D:10     | Noticed a two-headed ogre
 11764 | D:10     | HP: 4/71 [two-headed ogre/+0 giant club (28)]
 11764 | D:10     | Demolished by a two-headed ogre

Vanquished Creatures
  A two-headed ogre (D:9)
  A hornet (D:6)
  A wyvern (D:10)
  A vampire (D:9)
  7 yaks
  Menkaure (D:4)
  3 steam dragons
  4 water moccasins
  An orc warrior (D:10)
  An ice beast (D:6)
  3 sky beasts
  2 black bears
  2 centaurs
  An ogre (D:6)
  2 phantoms
  2 kobold brigands (D:8)
  3 bullfrogs
  A gnoll sergeant (D:7)
  3 scorpions
  5 wights (D:9)
  4 killer bees (D:8)
  A howler monkey (D:4)
  3 hounds
  An orc priest (D:9)
  4 jellies
  2 sleepcaps (D:7)
  6 iguanas
  6 orc wizards
  Terence (D:2)
  9 gnolls
  5 adders
  A worm (D:2)
  A dart slug (D:1)
  15 orcs
  3 endoplasms
  3 giant cockroaches
  9 goblins
  8 hobgoblins
  4 jackals (D:3)
  3 quokkas
  3 ball pythons
  2 bats (D:1)
  5 frilled lizards
  10 kobolds
  5 rats
159 creatures vanquished.

Vanquished Creatures (others)
  21 plants
21 creatures vanquished.

Grand Total: 180 creatures vanquished

Table legend: (Time is in decaauts)
 A = Elapsed time spent in this place.
 B = Non-inter-level travel time spent in this place.
 C = Inter-level travel time spent in this place.
 D = Time resting spent in this place.
 E = Time spent auto-exploring this place.
 F = Levels seen in this place.
 G = Mean time per level.
                   A        B        C        D        E       F      G
               +--------+--------+--------+--------+--------+-----+--------+
         Total |  11777 |  11403 |    374 |   1406 |   8571 |  11 | 1070.6 |
       Dungeon |  11731 |  11358 |    373 |   1406 |   8552 |  10 | 1173.1 |
        Temple |     46 |     46 |      0 |      0 |     19 |   1 |   46.0 |
               +--------+--------+--------+--------+--------+-----+--------+

Top non-repeatable levels by time:
     D:9: 1775 daAuts
     D:4: 1597 daAuts
     D:7: 1517 daAuts
     D:6: 1401 daAuts
     D:1: 1259 daAuts
     D:8: 1233 daAuts
     D:2: 1084 daAuts
     D:3: 844 daAuts
     D:5: 806 daAuts
    D:10: 209 daAuts
  Temple: 46 daAuts

Table legend:
 A = Non-vault XP
 B = Vault XP
 C = Vault XP percentage of total XP
 D = Non-vault monster count
 E = Vault monster count
 F = Vault count percentage of total count
                 A         B        C        D         E       F
            +---------+---------+-------+---------+---------+-------
      Total |    7932 |     452 |   5.4 |     152 |       7 |   4.4
            +---------+---------+-------+---------+---------+-------
        D:1 |      41 |       0 |   0.0 |      16 |       0 |   0.0
        D:2 |      45 |      38 |  45.8 |      13 |       2 |  13.3
        D:3 |      34 |       0 |   0.0 |      19 |       0 |   0.0
        D:4 |     377 |     175 |  31.7 |      17 |       1 |   5.6
        D:5 |     306 |       0 |   0.0 |       6 |       0 |   0.0
        D:6 |    1386 |     239 |  14.7 |      15 |       4 |  21.1
        D:7 |     958 |       0 |   0.0 |      13 |       0 |   0.0
        D:8 |    1011 |       0 |   0.0 |      28 |       0 |   0.0
        D:9 |    3421 |       0 |   0.0 |      22 |       0 |   0.0
       D:10 |     353 |       0 |   0.0 |       3 |       0 |   0.0
            +---------+---------+-------+---------+---------+-------
